 Dungeon Crawl Stone Soup version 0.20.0-15-g7f486f2 (webtiles) character file.

8 Chiseanne the Magician (level 2, 16/20 HPs)
             Began as a Demonspawn Wanderer on June 27, 2017.
             Quit the game on level 1 of the Dungeon.
             The game lasted 00:01:05 (800 turns).

Chiseanne the Magician (Demonspawn Wanderer)         Turns: 800, Time: 00:01:05

Health: 16/20      AC:  2    Str: 12    XL:     2   Next: 0%
Magic:  7/7        EV: 11    Int: 15    God:
Gold:   14         SH:  0    Dex: 10    Spells: 8/9 levels left

rFire    . . .     SeeInvis .   e - +0 mace
rCold    . . .     Gourm    .   (no shield)
rNeg     . . .     Faith    .   d - +0 robe
rPois    .         Spirit   .   (no helmet)
rElec    .         Reflect  .   (no cloak)
rCorr    .         Harm     .   (no gloves)
MR       .....                  (no boots)
Stlth    ++........             (no amulet)
Regen    0.1/turn               (no ring)
MPRegen  0.1/turn               (no ring)

@: no status effects
A: claws 1
a: no special abilities


You were on level 1 of the Dungeon.
You were not hungry.

You visited 1 branch of the dungeon, and saw 1 of its levels.

You collected 14 gold pieces.

Inventory:

Hand Weapons
 e - a +0 mace (weapon)
Missiles
 h - 7 stones (quivered)
Armour
 d - a +0 robe (worn)
Scrolls
 c - a scroll of teleportation
Potions
 f - 2 potions of resistance {unknown}
Books
 a - a book of Spatial Translocations

   Spells                             Type                      Level
   a - Blink                          Translocation                2
   b - Shroud of Golubria             Charms/Translocation         2
   c - Lesser Beckoning               Translocation                3
   d - Gell's Gravitas                Translocation                3
   e - Teleport Other                 Translocation                3
   f - Passage of Golubria            Translocation                4
 b - the Guide on Confrontation

   Spells                             Type                      Level
   a - Sting                          Conjuration/Poison           1
   b - Conjure Flame                  Conjuration/Fire             3
Comestibles
 g - 2 bread rations


   Skills:
 * Level 0.6 Fighting
 * Level 0.3 Armour
 * Level 0.1 Dodging
 - Level 1.7 Stealth
 * Level 4.0 Spellcasting
 * Level 1.3 Conjurations
   Level 1.7 Translocations
   Level 1.0 Air Magic


You had 8 spell levels left.
You knew the following spells:

 Your Spells              Type           Power        Failure   Level  Hunger
a - Sting                 Conj/Pois      #...         14%         1    None


Dungeon Overview and Level Annotations

Branches:
Dungeon (1/15)

Altars:


Innate Abilities, Weirdness & Mutations

You have sharp fingernails.


Message History

The leopard gecko is heavily wounded.
The leopard gecko closely misses you. The leopard gecko bites you.
* * * LOW HITPOINT WARNING * * *
You sock the leopard gecko!
You kill the leopard gecko!
Things that are here:
a club; a hobgoblin skeleton A hobgoblin comes into view.
It is wielding a club.
You barely miss the hobgoblin. The hobgoblin barely misses you.
You barely miss the hobgoblin. The hobgoblin barely misses you.
The hobgoblin hits you with a club.
You hit the hobgoblin but do no damage.
The hobgoblin hits you but does no damage.
You barely miss the hobgoblin. The hobgoblin hits you with a club.
You hit the hobgoblin.
You kill the hobgoblin!
You have reached level 2!
Your demonic ancestry asserts itself...
Your fingernails lengthen.
Are you sure you want to abandon this character and quit the game? (Confirm with "yes".)

# #.รท..# .# #..#.#.#.# .#
#......... ##.
###.####)#.#.#.# #.. ....#
#.#.....# # #.. #
##..###.#.....#[# #.#
#.##.#.#........... #.#
.#........#.......# #.#
......)@.........## #.#
###.............##
######.#####.###.....#.####
.............# #..####....#
.#####.#########..# ####.#
.# #............# #.# .##
#............# #.# ..#
##.############ #.#
..###...### #.#


There were no monsters in sight!

Vanquished Creatures
  A leopard gecko (D:1)
  A ball python (D:1)
  A bat (D:1)
  2 hobgoblins (D:1)
  A kobold (D:1)
6 creatures vanquished.

Notes
Turn   | Place    | Note
-------+----------+-------------------------------------------
     0 | D:1      | Chiseanne the Demonspawn Wanderer began the quest for the Orb.
     0 | D:1      | Chiseanne set off with: a book of Spatial Translocations, the Guide on Confrontation, a scroll of teleportation, a +0 robe, a +0 club, a +0 dagger, a bread ration
     0 | D:1      | Reached XP level 1. HP: 13/13 MP: 5/5
     1 | D:1      | Identified the Guide on Confrontation
     3 | D:1      | Learned a level 1 spell: Sting
   799 | D:1      | Gained mutation: You have sharp fingernails. [demonic ancestry]
   799 | D:1      | Reached XP level 2. HP: 16/20 MP: 7/7
   800 | D:1      | Quit the game

Action                   || total
-------------------------++-------
Melee: Mace              ||    20
       Whip              ||     4
Armor: Robe              ||     1
Dodge: Dodged            ||    19
